 Dungeon Crawl Stone Soup version 0.30-a0-862-g1aabd4f9c5 (webtiles) character file.

Game seed: 7773603318346252786

2516 Ijustatesigmund the Magician (level 9, -8/66 HPs)
             Began as a Gnoll Fire Elementalist on Mar 9, 2023.
             Mangled by a vault guard
             ... wielding a +0 broad axe
              (9 damage)
             ... in a bailey.
             The game lasted 00:20:44 (9170 turns).

Ijustatesigmund the Magician (GnFE)                 Turns: 9170, Time: 00:20:46

Health: -8/66      AC: 13    Str: 11    XL:     9   Next: 54%
Magic:  17/28      EV: 13    Int: 16    God:
Gold:   70         SH:  5    Dex: 12    Spells: 18/21 levels left

rFire   . . .      SeeInvis .    f - +1 flail (heavy)
rCold   + . .      Faith    .    z - +0 buckler
rNeg    . . .      Spirit   .    C - +3 leather armour {rC+}
rPois   +          Reflect  .    y - +1 hat
rElec   .          Rampage  .    F - +0 cloak
rCorr   .          Clarity  +    a - +1 pair of gloves
Will    .....                    s - +1 pair of boots
Stlth   +++                      (no amulet)
HPRegen 0.31/turn                c - ring of poison resistance
MPRegen 0.21/turn                D - ring of magical power

@: invisible (expiring)
A: fangs 1, strong nose, distributed training, clarity
a: no special abilities


You were in a bailey.
You visited 2 branches of the dungeon, and saw 8 of its levels.
You also visited: Ossuary and Bailey.

You collected 653 gold pieces.
You spent 583 gold pieces at shops.

Inventory:

Hand Weapons
 f - a +1 heavy flail (weapon)
Armour
 a - a +1 pair of gloves (worn)
 s - a +1 pair of boots (worn)
 y - a +1 hat (worn)
 z - a +0 buckler (worn)
 C - a +3 leather armour of cold resistance (worn)
 F - a +0 cloak (worn)
Jewellery
 c - a ring of poison resistance (left hand)
 j - a +6 ring of strength
 v - a ring of resist corrosion
 D - a ring of magical power (right hand)
Wands
 d - a wand of flame (38)
 A - a wand of charming (5)
 B - a wand of mindburst (6)
Scrolls
 l - 2 scrolls of brand weapon
 n - a scroll of fog
 p - a scroll of immolation
 x - a scroll of teleportation
Potions
 b - a potion of magic
 e - 2 potions of heal wounds
 g - a potion of invisibility
 h - 4 potions of curing
 i - 4 potions of mutation
 k - 3 potions of might
 m - 3 potions of ambrosia
 o - a potion of lignification
 q - 2 potions of resistance
 r - a potion of attraction {unknown}
 t - a potion of haste {unknown}
 u - 2 potions of flight {unknown}
 w - 2 potions of cancellation {unknown}
 E - a potion of brilliance {unknown}


   Skills:
 + Level 4.5 Fighting
 + Level 4.5 Short Blades
 + Level 4.5 Long Blades
 + Level 4.5 Axes
 + Level 4.5 Maces & Flails
 + Level 4.5 Polearms
 + Level 4.5 Staves
 + Level 4.5 Ranged Weapons
 + Level 4.5 Throwing
 + Level 4.5 Armour
 + Level 6.5 Dodging
 + Level 6.2 Stealth
 + Level 4.5 Shields
 + Level 4.5 Unarmed Combat
 + Level 6.8 Spellcasting
 + Level 4.3 Conjurations
 + Level 3.7 Hexes
 + Level 3.7 Summonings
 + Level 3.7 Necromancy
 + Level 3.7 Translocations
 + Level 3.7 Transmutations
 + Level 6.7 Fire Magic
 + Level 3.7 Ice Magic
 + Level 3.7 Air Magic
 + Level 3.7 Earth Magic
 + Level 3.7 Poison Magic
 + Level 5.0 Invocations
 + Level 4.5 Evocations


You had 18 spell levels left.
You knew the following spells:

 Your Spells              Type           Power      Damage    Failure   Level
a - Foxfire               Conj/Fire      92%        2x1d8     2%          1
b - Scorch                Fire           52%        2d7       1%          2

Your spell library contained the following spells:

 Spells                   Type           Power      Damage    Failure   Level
 Beastly Appendage        Tmut           34%        N/A       4%          1
 Wereblood                Tmut           17%        N/A       7%          2
 Inner Flame              Hex/Fire       22%        N/A       8%          3
 Kindle Blastsparks       Fire/Tloc/Air  40%        2d13      9%          3
 Spider Form              Tmut/Pois      17%        N/A       14%         3
 Flame Wave               Conj/Fire      23%        2d8       22%         4
 Freezing Cloud           Conj/Ice/Air   9%         6-21      75%         5
 Simulacrum               Ice/Necr       8%         N/A       100%        6
 Polar Vortex             Ice            8%         N/A       100%        9


Dungeon Overview and Level Annotations

Branches:
Dungeon (7/15)             Temple (1/1) D:6         Ossuary (visited)
 Bailey (1/1)

Altars:
Elyvilon
Fedhas
Gozag
Hepliaklqana
Kikubaaqudgha
Makhleb
Nemelex Xobeh
Okawaru
Qazlal
Ru
Sif Muna
Trog
Uskayaw
Vehumet
Wu Jian
Xom
Yredelemnul
The Shining One

Shops:
D:6 **

Annotations:
D:4 2 transporters, Dowan; Duvessa; What's ghost, weakling VSTm


Innate Abilities, Weirdness & Mutations

You have very sharp teeth.
Your uncanny sense of smell can sniff out nearby items.
Your experience applies equally to all skills.
You possess an exceptional clarity of mind.


Message History

The vault guard is moderately wounded.
The vault guard is engulfed in a cloud of scalding steam.
The vault guard hits you but does no damage.
The vault guard is engulfed in a cloud of scalding steam.
The vault guard splashes around in the water.
Casting: Scorch (safe; 1% risk of failure)
Confirm with . or Enter, or press ? or * to list all spells.
Flames lash the vault guard.
The vault guard is burned terribly!
The vault guard is heavily wounded.
The vault guard is engulfed in a cloud of scalding steam.
The vault guard hits you with a +0 broad axe!!
The vault guard is engulfed in a cloud of scalding steam.
The vault guard hits you with a +0 broad axe!
* * * LOW HITPOINT WARNING * * *
You feel much better.
The vault guard is engulfed in a cloud of scalding steam.
The vault guard hits you with a +0 broad axe.
Casting: Scorch (safe; 1% risk of failure)
Confirm with . or Enter, or press ? or * to list all spells.
Flames lash the vault guard.
The vault guard is burned terribly!
The vault guard is almost dead.
You flicker for a moment.
The vault guard is engulfed in a cloud of scalding steam.
The vault guard completely misses you.
The vault guard hits you with a +0 broad axe!!
* * * LOW HITPOINT WARNING * * *
Casting: Scorch (safe; 1% risk of failure)
Confirm with . or Enter, or press ? or * to list all spells.
Flames lash the vault guard but do no damage.
The vault guard is engulfed in a cloud of scalding steam.
You block the vault guard's attack.
The vault guard hits you with a +0 broad axe!
* * * LOW HITPOINT WARNING * * *
Aiming: Mindburst
Press: ? - help, Shift-Dir - straight line, f - vault guard
Aim: a vault guard, wielding a +0 broad axe and wearing a +0 plate armour (almost dead, more vulnerable to fire, chance to affect: 49%)
The vault guard resists with some effort.
* * * LOW HITPOINT WARNING * * *
The vault guard hits you with a +0 broad axe!
You die...

#~~~~# ####### #~~~'
###≈≈≈≈≈### ######
##≈≈~~~~~≈≈##+#..).'
##≈~~~~~~~~~≈#......#
#≈~~~~~~~~~≈##.......
#### #~.......~≈#######..
!.... #..§.~.~.~≈≈≈#..##.
!.....#.@.§.......†#..#..
...∩..'.§p§~.~~~~.)'..#..
$.....#§.§.~~≈≈≈≈~~#.....
$.... #.~.~≈≈####≈≈#....#
#### #~..~≈###∆∆#########
#~~~.≈## ##~~.≈# ##~.≈#
###.+


You could see a vault guard (combustible).

Vanquished Creatures
  Prince Ribbit (Bailey)
  A hornet (D:6)
  Sigmund (D:6)
  A human (Bailey)
  A sky beast (D:6)
  An orc warrior (Bailey)
  A black bear (D:6)
  An ogre (D:6)
  A phantom (D:5)
  8 bullfrogs (Bailey)
  A killer bee (D:7)
  3 howler monkeys (D:7)
  3 jellies
  Crazy Yiuf (D:4)
  A hound (D:5)
  2 orc priests (D:6)
  2 sleepcaps (D:6)
  3 iguanas
  Ijyb (D:4)
  An orc wizard (D:6)
  8 mummies (Ossuary)
  5 gnolls
  5 adders
  2 worms
  5 dart slugs
  18 orcs
  12 ball pythons
  6 endoplasms
  3 giant cockroaches
  18 goblins
  8 hobgoblins
  4 jackals
  6 kobolds
  7 quokkas
  6 bats
  5 frilled lizards
  2 hobgoblin zombies (Ossuary)
  4 kobold zombies (Ossuary)
  2 orc zombies (Ossuary)
  2 rats (D:1)
163 creatures vanquished.

Vanquished Creatures (others)
  360 foxfires
360 creatures vanquished.

Grand Total: 523 creatures vanquished

Notes
Turn   | Place    | Note
-------+----------+-------------------------------------------
     0 | D:1      | Ijustatesigmund the Gnoll Fire Elementalist began the quest
                  | for the Orb.
     0 | D:1      | Reached XP level 1. HP: 13/13 MP: 6/6
   245 | D:1      | Reached XP level 2. HP: 19/19 MP: 5/7
   248 | D:1      | Learned a level 2 spell: Scorch
   706 | D:1      | Reached skill level 5 in Spellcasting
   706 | D:1      | Reached XP level 3. HP: 16/25 MP: 6/9
   885 | D:1      | Reached skill level 1 in Invocations
  1154 | D:1      | Reached skill level 1 in Fighting
  1154 | D:1      | Reached skill level 1 in Short Blades
  1154 | D:1      | Reached skill level 1 in Long Blades
  1154 | D:1      | Reached skill level 1 in Axes
  1154 | D:1      | Reached skill level 1 in Maces & Flails
  1154 | D:1      | Reached skill level 1 in Polearms
  1154 | D:1      | Reached skill level 1 in Staves
  1154 | D:1      | Reached skill level 1 in Ranged Weapons
  1154 | D:1      | Reached skill level 1 in Throwing
  1154 | D:1      | Reached skill level 1 in Armour
  1154 | D:1      | Reached skill level 1 in Shields
  1154 | D:1      | Reached skill level 1 in Unarmed Combat
  1154 | D:1      | Reached skill level 1 in Evocations
  1357 | D:2      | Reached XP level 4. HP: 28/32 MP: 1/11
  1811 | D:2      | Reached skill level 1 in Hexes
  1811 | D:2      | Reached skill level 1 in Summonings
  1811 | D:2      | Reached skill level 1 in Necromancy
  1811 | D:2      | Reached skill level 1 in Translocations
  1811 | D:2      | Reached skill level 1 in Transmutations
  1811 | D:2      | Reached skill level 1 in Ice Magic
  1811 | D:2      | Reached skill level 1 in Air Magic
  1811 | D:2      | Reached skill level 1 in Earth Magic
  1811 | D:2      | Reached skill level 1 in Poison Magic
  2741 | D:3      | Reached XP level 5. HP: 37/37 MP: 4/12
  3357 | D:4      | Found a transporter.
  3530 | D:4      | Found a transporter.
  3534 | D:4      | Noticed What's ghost (weakling VSTm)
  3561 | D:4      | Found a hide-covered altar of Uskayaw.
  3579 | D:4      | Noticed Dowan
  3708 | D:4      | Found an ornate altar of the Wu Jian Council.
  3711 | D:4      | Found a sand-covered staircase.
  3721 | Ossuary  | Entered an ossuary
  3906 | Ossuary  | Reached XP level 6. HP: 44/44 MP: 9/13
  3926 | Ossuary  | Reached skill level 5 in Dodging
  4478 | Ossuary  | Gained mutation: You possess an exceptional clarity of
                  | mind. [potion of mutation]
  4610 | D:4      | Noticed Duvessa
  4656 | D:5      | Entered Level 5 of the Dungeon
  5396 | D:5      | Reached XP level 7. HP: 51/51 MP: 8/15
  5879 | D:6      | Found Dilubli's Assorted Antiques.
  5888 | D:6      | Bought a fine scale mail for 198 gold pieces
  5888 | D:6      | Identified the +1 scale mail "Ereatoxu" {Dex+2} (You bought
                  | it in a shop on level 6 of the Dungeon)
  5888 | D:6      | Bought a buckler for 99 gold pieces
  5888 | D:6      | Bought a glass wand for 88 gold pieces
  5888 | D:6      | Bought a forked ivory wand for 88 gold pieces
  5888 | D:6      | Bought a runed leather armour for 110 gold pieces
  5993 | D:6      | Found a staircase to the Ecumenical Temple.
  6005 | D:6      | Reached skill level 5 in Stealth
  6024 | Temple   | Entered the Ecumenical Temple
  6111 | D:6      | Noticed Sigmund
  6869 | D:6      | Found Apnyplig's General Store.
  6921 | D:6      | Reached XP level 8. HP: 41/58 MP: 4/16
  7121 | D:6      | Killed Sigmund
  7337 | D:6      | Noticed a hornet
  7340 | D:6      | Killed a hornet
  7705 | D:4      | Found a radiant altar of Vehumet.
  7766 | D:4      | Noticed Ijyb
  7776 | D:4      | Killed Ijyb
  7862 | D:4      | Found a runed translucent door.
  7863 | D:4      | Noticed Crazy Yiuf
  7873 | D:4      | Killed Crazy Yiuf
  8300 | D:7      | Found a flagged portal.
  8315 | Bailey   | Entered a bailey
  8454 | Bailey   | Reached XP level 9. HP: 28/65 MP: 14/18
  9142 | Bailey   | Noticed a vault guard
  9142 | Bailey   | Noticed Prince Ribbit
  9152 | Bailey   | Killed Prince Ribbit
  9153 | Bailey   | Reached skill level 5 in Invocations
  9170 | Bailey   | HP: 1/66 [something (9)]
  9170 | Bailey   | Mangled by a vault guard

Illustrated notes

Levels and vault maps discovered:
D:1:      dpeg_arrival_solitude, layout_loops_ring
D:2:      minmay_inner_zag, layout_loops_ring, chequers_mini_garden,
          minmay_tromino_v4_c
D:3:      cheibrodos_greedy_goblins, layout_rooms
D:4:      layout_cave_pools, mainiacjoe_overflow_boulevard,
          amcnicky_altar_gilded, mainiacjoe_overflow_alcove_1,
          gammafunk_ghost_stat_death, nicolae_ossuary_entry_monument, uniq_ijyb,
          uniq_crazy_yiuf_cottage, uniq_duvessa
D:5:      layout_basic
D:6:      layout_gridville, minmay_temple_entry_proselytizer, serial_shops,
          shop, shop, uniq_sigmund
D:7:      layout_basic, grunt_dithmenos_smoke, enter_bailey_5
Temple:   hellmonk_temple_of_storms
Bailey:   bailey_axe_froggy_fort_hellmonk, bailey

Skill      XL: |  1  2  3  4  5  6  7  8  9 |
---------------+----------------------------+-----
Conjurations   | 2 3 4 |  4.3
Spellcasting   | 5 6 |  6.8
Invocations    | 1 2 3 4 5 |  5.0
Fighting       | 1 2 3 4 |  4.5
Short Blades   | 1 2 3 4 |  4.5
Long Blades    | 1 2 3 4 |  4.5
Axes           | 1 2 3 4 |  4.5
Maces & Flails | 1 2 3 4 |  4.5
Polearms       | 1 2 3 4 |  4.5
Staves         | 1 2 3 4 |  4.5
Ranged Weapons | 1 2 3 4 |  4.5
Throwing       | 1 2 3 4 |  4.5
Armour         | 1 2 3 4 |  4.5
Shields        | 1 2 3 4 |  4.5
Unarmed Combat | 1 2 3 4 |  4.5
Evocations     | 1 2 3 4 |  4.5
Hexes          | 1 2 3 |  3.7
Summonings     | 1 2 3 |  3.7
Necromancy     | 1 2 3 |  3.7
Translocations | 1 2 3 |  3.7
Transmutations | 1 2 3 |  3.7
Ice Magic      | 1 2 3 |  3.7
Air Magic      | 1 2 3 |  3.7
Earth Magic    | 1 2 3 |  3.7
Poison Magic   | 1 2 3 |  3.7
Dodging        | 5 6 |  6.5
Stealth        | 5 6 |  6.2
Fire Magic     | 6 |  6.7

Action                     |  1- 3 |  4- 6 |  7- 9 || total
---------------------------+-------+-------+-------++-------
  Melee: Whip              |    15 |     3 |       ||    18
         Bite              |     1 |       |     1 ||     2
         Flail             |       |       |    14 ||    14
   Cast: Foxfire           |    25 |   115 |    70 ||   210
         Scorch            |    26 |    39 |    66 ||   131
  Evoke: Wand              |       |       |     5 ||     5
    Use: Scroll            |       |    20 |     4 ||    24
         Potion            |       |     1 |     3 ||     4
 Armour: Robe              |     3 |     9 |       ||    12
         Leather armour    |       |       |    55 ||    55
  Dodge: Dodged            |    21 |    37 |   106 ||   164
  Block: Buckler           |       |       |    40 ||    40

Table legend: (Time is in decaauts)
 A = Elapsed time spent in this place.
 B = Non-inter-level travel time spent in this place.
 C = Inter-level travel time spent in this place.
 D = Time resting spent in this place.
 E = Time spent auto-exploring this place.
 F = Levels seen in this place.
 G = Mean time per level.
                   A        B        C        D        E       F      G
               +--------+--------+--------+--------+--------+-----+--------+
         Total |   9185 |   8913 |    272 |   2817 |   4619 |  10 |  918.5 |
       Dungeon |   7460 |   7195 |    265 |   1597 |   4416 |   7 | 1065.7 |
        Temple |     74 |     67 |      7 |      0 |     56 |   1 |   74.0 |
       Ossuary |    783 |    783 |      0 |    535 |    116 |   1 |  783.0 |
        Bailey |    866 |    866 |      0 |    685 |     31 |   1 |  866.0 |
               +--------+--------+--------+--------+--------+-----+--------+

Top non-repeatable levels by time:
     D:6: 1535 daAuts
     D:5: 1361 daAuts
     D:2: 1356 daAuts
     D:1: 1345 daAuts
     D:4: 949 daAuts
  Bailey: 866 daAuts
 Ossuary: 783 daAuts
     D:3: 657 daAuts
     D:7: 256 daAuts
  Temple: 74 daAuts
